 Dungeon Crawl Stone Soup version 0.32-a0-898-g7811c86cf0 (webtiles) character file.

Game seed: 5463014351967591994

22 Gadrel the Charlatan (level 2, -1/18 HPs)
             Began as an Octopode Artificer on Apr 4, 2024.
             Slain by a goblin
             ... wielding a +0 dagger
              (3 damage)
             ... on level 1 of the Dungeon.
             The game lasted 00:01:28 (334 turns).

Gadrel the Charlatan (Octopode Artificer)            Turns: 334, Time: 00:01:29

Health: -1/18      AC:  1    Str: 11    XL:     2   Next: 91%
Magic:  2/2        EV: 12    Int: 13    God:
Gold:   53         SH:  0    Dex: 12    Spells: 1/1 levels left

rFire   . . .        a - +0 dagger
rCold   . . .        (no shield)
rNeg    . . .        (helmet restricted)
rPois   .            (no amulet)
rElec   .            (no ring)
rCorr   .            (no ring)
SInv    .            (no ring)
Will    .....        (no ring)
Stlth   +++          (no ring)
HPRegen 0.23/turn    (no ring)
MPRegen 0.08/turn    (no ring)
                     (no ring)

%: no passive effects
@: no status effects
A: almost no armour, amphibious, 8 rings, camouflage 1, gelatinous body 1,
(nimble swimmer 1), tentacles
a: no special abilities


You were on level 1 of the Dungeon.
You visited 1 branch of the dungeon, and saw 1 of its levels.

You collected 53 gold pieces.

Inventory:

Hand Weapons
 a - a +0 dagger (weapon)
   (You took it off a kobold on level 1 of the Dungeon)
 b - a +0 sling
   (You found it on level 1 of the Dungeon)
Talismans
 c - a storm talisman
   (You found it on level 1 of the Dungeon)
Wands
 e - a wand of charming (15)
 i - a wand of iceblast (5)
 q - a wand of flame (15)
Potions
 d - a potion of attraction {unknown}
 f - a potion of heal wounds {unknown}


   Skills:
 + Level 1.5 Fighting
 + Level 2.6 Dodging
 + Level 2.2 Stealth
 + Level 3.6 Evocations


You had one spell level left.
You didn't know any spells.
Your spell library was empty.

Dungeon Overview and Level Annotations

Branches:
Dungeon (1/15)

Altars:


Innate Abilities, Weirdness & Mutations

You cannot wear most types of armour.
You are amphibious.
You can wear up to eight rings at the same time.
Your skin changes colour to match your surroundings (Stealth+).
Your rubbery body absorbs attacks. (AC +1, EV +1)
((You are camouflaged when in or above water. (Stealth+)))
You have tentacles for arms and can constrict up to eight enemies at once.


Message History

You hit the jackal. Your grab misses the jackal.
Your squeeze misses the jackal. The jackal completely misses you.
You hit the jackal but do no damage. Your grab misses the jackal.
The jackal bites you. The jackal misses you.
You take 1 damage, and have 17/18 hp.
You hit the jackal.
You kill the jackal!
You closely miss the jackal. Your grab misses the jackal.
You squeeze the jackal. The jackal barely misses you.
The jackal closely misses you.
You hit the jackal but do no damage. You grab the jackal.
You constrict the jackal.
You kill the jackal!
You miss the frilled lizard. Your grab misses the frilled lizard.
The frilled lizard barely misses you.
You hit the frilled lizard.
You kill the frilled lizard!
Health restored: 18 No target in view!
b - a +0 sling (weapon)
Things that are here:
a jackal corpse; a jackal corpse A quokka is nearby!
You shoot a sling bullet. The sling bullet hits the quokka.
An endoplasm comes into view.
You shoot a sling bullet.
The sling bullet barely misses the quokka.
The endoplasm quivers.
You shoot a sling bullet.
The sling bullet closely misses the quokka.
You shoot a sling bullet.
The sling bullet hits the quokka but does no damage.
a - a +0 dagger (weapon)
The quokka bites you.
You take 1 damage, and have 17/18 hp.
You closely miss the quokka. Your grab misses the quokka.
You squeeze the quokka.
You kill the quokka!
You throw a stone. The stone hits the endoplasm.
You hit the endoplasm but do no damage. The endoplasm freezes you.
You are frozen.
You take 2 damage, and have 15/18 hp.
You hit the endoplasm. You squeeze the endoplasm.
You kill the endoplasm!
No target in view!
No target in view!
b - a +0 sling (weapon)
A hobgoblin comes into view.
Health restored: 18 You shoot a sling bullet.
The hobgoblin shouts!
The sling bullet hits the hobgoblin.
You hear a shout!
You hear an angry hiss.
A ball python comes into view.
An endoplasm comes into view.
You shoot a sling bullet.
The sling bullet closely misses the hobgoblin.
The sling bullet barely misses the ball python.
Things that are here:
a jackal corpse; a jackal corpse
a - a +0 dagger (weapon)
You hit the hobgoblin.
You kill the hobgoblin!
The endoplasm freezes you.
You are frozen.
Things that are here:
a hobgoblin corpse; a jackal corpse; a jackal corpse You take 5 damage, and have 13/18 hp.
MASSIVE DAMAGE!!
You hit the endoplasm. The endoplasm freezes you.
You are frozen.
You take 2 damage, and have 11/18 hp.
You hit the endoplasm but do no damage. The ball python closely misses you. x2
The endoplasm freezes you.
You are frozen.
You take 3 damage, and have 8/18 hp.
You are too injured to fight recklessly!
You closely miss the ball python. You grab the ball python.
You squeeze the ball python.
You kill the ball python!
A goblin comes into view. It is wielding a +0 dagger.
The goblin shouts!
You hit the endoplasm.
You hear a shout!
The endoplasm hits you but does no damage.
You barely miss the endoplasm. The endoplasm freezes you.
You are frozen.
* * * LOW HITPOINT WARNING * * *
You take 4 damage, and have 5/18 hp.
MASSIVE DAMAGE!!
You hit the endoplasm.
You kill the endoplasm!
The goblin hits you with a +0 dagger.
* * * LOW HITPOINT WARNING * * *
You take 3 damage, and have 2/18 hp.
You hit the goblin. Your grab misses the goblin.
The goblin hits you with a +0 dagger.
You die...

.. .# ##. .# .#. .#
##########
..#.######........#
#..........######.#
.##.##..#####.########.##
...S....# ##>#.........#
#.####....######..#
#..†@g.#..# ##..#
#.......†###...## #...#
..#####.## #..## #.#.###
#.# #.## #.#.#.# #.# #.#
#.#.... #.# #.# #.#...#
..# ..# #.#.#.# ..# ...
####.....# ##........#


You could see a goblin.

Vanquished Creatures
  3 endoplasms (D:1)
  2 hobgoblins (D:1)
  6 jackals (D:1)
  A quokka (D:1)
  3 ball pythons (D:1)
  2 bats (D:1)
  A frilled lizard (D:1)
  A kobold (D:1)
19 creatures vanquished.

Notes
Turn   | Place    | Note
-------+----------+-------------------------------------------
     0 | D:1      | Gadrel the Octopode Artificer began the quest for the Orb.
     0 | D:1      | Reached XP level 1. HP: 13/13 MP: 1/1
   126 | D:1      | Reached XP level 2. HP: 14/18 MP: 2/2
   184 | D:1      | Reached skill level 2 in Stealth
   333 | D:1      | HP: 2/18 [goblin/+0 dagger (4)]
   334 | D:1      | Slain by a goblin

Illustrated notes

Levels and vault maps discovered:
D:1:      enne_arrival_octagon_isle, layout_loops_ring,
          ebering_ecumenical_altar_box, amcnicky_mini_pool_small,
          minmay_domino_2

Skill      XL: |  1  2 |
---------------+-------+-----
Stealth        | 2 |  2.2
Fighting       | |  1.5
Dodging        | |  2.6
Evocations     | |  3.6

Action                     || total
---------------------------++-------
  Melee: Club              ||    22
         Constrict         ||     9
         Tentacles         ||     8
         Dagger            ||    20
   Fire: Sling             ||     8
  Throw: Stone             ||     3
   Stab: Sleeping          ||     1
 Armour: Skin              ||    12
  Dodge: Dodged            ||    27

Table legend: (Time is in decaauts)
 A = Elapsed time spent in this place.
 B = Non-inter-level travel time spent in this place.
 C = Inter-level travel time spent in this place.
 D = Time resting spent in this place.
 E = Time spent auto-exploring this place.
 F = Levels seen in this place.
 G = Mean time per level.
                   A        B        C        D        E       F      G
               +--------+--------+--------+--------+--------+-----+--------+
         Total |    340 |    311 |     29 |      0 |    189 |   1 |  340.0 |
       Dungeon |    340 |    311 |     29 |      0 |    189 |   1 |  340.0 |
               +--------+--------+--------+--------+--------+-----+--------+

Top non-repeatable levels by time:
     D:1: 340 daAuts

Levels and vault maps discovered:
D:1:      enne_arrival_octagon_isle, layout_loops_ring,
          ebering_ecumenical_altar_box, amcnicky_mini_pool_small,
          minmay_domino_2

Table legend: (Time is in decaauts)
 A = Elapsed time spent in this place.
 B = Non-inter-level travel time spent in this place.
 C = Inter-level travel time spent in this place.
 D = Time resting spent in this place.
 E = Time spent auto-exploring this place.
 F = Levels seen in this place.
 G = Mean time per level.
                   A        B        C        D        E       F      G
               +--------+--------+--------+--------+--------+-----+--------+
         Total |    340 |    311 |     29 |      0 |    189 |   1 |  340.0 |
       Dungeon |    340 |    311 |     29 |      0 |    189 |   1 |  340.0 |
               +--------+--------+--------+--------+--------+-----+--------+

Top non-repeatable levels by time:
     D:1: 340 daAuts

Table legend:
 A = Kills in this place as a percentage of kills in the entire game.
 B = Kills by you in this place as a percentage of kills by you in the entire game.
 C = Kills by friends in this place as a percentage of kills by friends in the entire game.
 D = Other kills in this place as a percentage of other kills in the entire game.
 E = Experience gained in this place as a percentage of experience gained in the entire game.
 F = Experience gained in this place divided by the number of levels of this place that you have seen.
                   A       B       C       D       E      F
               +-------+-------+-------+-------+-------+----------------------
         Total | 100.0 | 100.0 |   N/A |   N/A | 100.0 |  32.0
       Dungeon | 100.0 | 100.0 |   N/A |   N/A | 100.0 |  32.0
               +-------+-------+-------+-------+-------+----------------------
